 Dungeon Crawl Stone Soup version 0.22-a0-402-ga933591 (webtiles) character file.

292 Kairos the Shield-Bearer (level 6, -8/32 HPs)
             Began as a Vine Stalker Fighter on May 7, 2018.
             Was an Initiate of Okawaru.
             Mangled by Sigmund
             ... wielding a +0 scythe
              (12 damage)
             ... on level 4 of the Dungeon.
             The game lasted 00:04:24 (2739 turns).

Kairos the Shield-Bearer (Vine Stalker Fighter)     Turns: 2739, Time: 00:04:25

Health: -8/32      AC:  6    Str: 25    XL:     6   Next: 33%
Magic:  0/7        EV:  8    Int:  8    God:    Okawaru [......]
Gold:   221        SH: 10    Dex: 14    Spells: 5/5 levels left

rFire    . . .     SeeInvis .   k - +2 hand axe (chop)
rCold    . . .     Gourm    .   c - +0 shield
rNeg     . . .     Faith    .   b - +0 scale mail
rPois    .         Spirit   +   (no helmet)
rElec    .         Reflect  .   (no cloak)
rCorr    .         Harm     .   (no gloves)
MR       .....                  (no boots)
Stlth    ..........             (no amulet)
HPRegen  0.50/turn              (no ring)
MPRegen  0.10/turn              (no ring)

@: mighty
A: fangs 2, regeneration 1, magic shield, antimagic bite, no potion heal 3, rot
immunity
a: Renounce Religion


You were on level 4 of the Dungeon.
You worshipped Okawaru.
Okawaru was noncommittal.
You were not hungry.

You visited 1 branch of the dungeon, and saw 4 of its levels.

You collected 221 gold pieces.

Inventory:

Hand Weapons
 a - a +0 war axe
 k - a +2 hand axe of chopping (weapon)
Armour
 b - a +0 scale mail (worn)
 c - a +0 shield (worn)
Wands
 r - a wand of acid (6)
 s - a wand of iceblast (7)
Scrolls
 e - a scroll of magic mapping {unknown}
 g - a scroll of fear {unknown}
 h - 2 scrolls of remove curse {unknown}
 j - 8 scrolls of identify {unknown}
 l - 2 scrolls of teleportation {unknown}
 n - 2 scrolls of fog {unknown}
 o - a scroll of amnesia {unknown}
Potions
 d - a potion of might
 i - a potion of flight {unknown}
 m - a potion of magic {unknown}
 p - 4 potions of brilliance {unknown}
 q - a potion of curing {unknown}
Comestibles
 f - 9 rations
 t - 4 chunks of flesh


   Skills:
 + Level 3.5 Fighting
 + Level 3.4 Axes
 + Level 3.5 Armour
 + Level 1.0 Dodging
 + Level 0.2 Stealth
 + Level 3.7 Shields


You had 5 spell levels left.
You didn't know any spells.

Dungeon Overview and Level Annotations

Branches:
Dungeon (4/15)
 Temple: D:4-7

Altars:
Okawaru

Annotations:
D:4 Sigmund


Innate Abilities, Weirdness & Mutations

You have extremely sharp teeth.
Your natural rate of healing is unusually fast.
When hurt, damage is shared between your health and your magic reserves.
Your bite disrupts and absorbs the magic of your enemies.
Potions cannot restore your health.
You are immune to rotting.


Message History

Your shield and scale mail prevent you from hitting Sigmund.
You barely miss the orc. The orc hits you. Sigmund closely misses you.
You closely miss Sigmund. Your bite misses Sigmund. You barely miss the orc.
You hit the orc. The orc hits you but does no damage.
You block the orc's attack.
Sigmund zaps a wand.
The puff of flame hits you!
* * * LOW HITPOINT WARNING * * *
The orc hits you.
* * * LOW HITPOINT WARNING * * *
The orc completely misses you.
You feel very mighty all of a sudden.
Sigmund mumbles some strange words.
Sigmund flickers and vanishes!
Deactivating autopickup; reactivate with Ctrl-A.
The orc barely misses you. The orc hits you but does no damage.
Your shield and scale mail prevent you from hitting something.
Your bite misses something. You slash the orc!
You kill the orc!
Okawaru accepts your kill.
You closely miss the orc. Something hits you!
You die...

###### ##......# .....#
#.o.####.# ####.# #...# #.#
#.# #...# #.# # ##.#####
#...######.# #
#......#######..........#
###...##.##...............#
.))..............o........#
##..#.##.##.....@†.......##
##..#..#.#######.{.#####.#
##.......# #....... .#
#####..### #...#### ##
.......# #...# ######>#
#.... ...)...# #.≈≈≈#
######## .≈≈≈≈≈ ..#


You could see 2 orcs.

Vanquished Creatures
  2 orc wizards (D:4)
  An orc priest (D:4)
  Natasha (twice) (D:3)
  Ijyb (D:4)
  4 adders
  3 dart slugs
  2 leopard geckos
  7 orcs
  3 giant cockroaches
  10 goblins
  11 hobgoblins
  4 jackals (D:4)
  10 kobolds
  A quokka (D:4)
  8 bats
  5 frilled lizards
  9 rats
83 creatures vanquished.

Notes
Turn   | Place    | Note
-------+----------+-------------------------------------------
     0 | D:1      | Kairos the Vine Stalker Fighter began the quest for the Orb.
     0 | D:1      | Reached XP level 1. HP: 11/11 MP: 2/2
    88 | D:1      | Reached XP level 2. HP: 12/16 MP: 1/3
   400 | D:1      | Reached XP level 3. HP: 20/20 MP: 4/4
   816 | D:2      | Gained mutation: Your natural rate of healing is unusually fast. [Vine Stalker growth]
   816 | D:2      | Reached XP level 4. HP: 23/24 MP: 5/5
  1657 | D:3      | Found an iron altar of Okawaru.
  1672 | D:3      | Became a worshipper of Warmaster Okawaru
  1988 | D:3      | Noticed Natasha
  1992 | D:3      | Killed Natasha
  1992 | D:3      | Reached XP level 5. HP: 22/28 MP: 4/6
  2012 | D:3      | Noticed Natasha
  2019 | D:3      | Killed Natasha
  2374 | D:4      | Noticed Sigmund
  2566 | D:4      | Noticed Ijyb
  2576 | D:4      | Killed Ijyb
  2618 | D:4      | Reached skill level 1 in Dodging
  2618 | D:4      | Reached XP level 6. HP: 28/32 MP: 5/7
  2739 | D:4      | Mangled by Sigmund

Vault maps used:
D:1:      lightli_arrival_chessboard, minmay_pentomino_p4
D:3:      okawaru_gym_becter, first_ration, uniq_natasha
D:4:      kennysheep_slug_shrine, kennysheep_nub, uniq_sigmund, uniq_ijyb

Skill      XL: |  1  2  3  4  5 |
---------------+----------------+-----
Axes           | 2 3 |  3.4
Shields        | 3 |  3.7
Fighting       | 3 |  3.5
Armour         | 3 |  3.5
Dodging        | 1 |  1.0
Stealth        | |  0.2

Action                   |  1- 3 |  4- 6 || total
-------------------------+-------+-------++-------
Melee: War axe           |    60 |       ||    60
       Bite              |    24 |    28 ||    52
       Hand axe          |    42 |   132 ||   174
  Use: Potion            |       |     1 ||     1
  Eat: Chunk             |       |     6 ||     6
Armor: Scale mail        |    69 |    48 ||   117
Dodge: Dodged            |    34 |    39 ||    73
Block: Shield            |    56 |    62 ||   118

Table legend:
 A = Spawn XP
 B = Non-spawn XP
 C = Spawn XP percentage of total XP
 D = Spawn monster count
 E = Non-spawn monster count
 F = Spawn count percentage of total count
 G = Total turns spent on level
                    A         B        C        D         E        F      G
               +---------+---------+-------+---------+---------+-------+---------
         Total |       0 |     418 |   0.0 |       0 |      83 |   0.0 |  2739
               +---------+---------+-------+---------+---------+-------+---------
           D:1 |       0 |      63 |   0.0 |       0 |      35 |   0.0 |   770
           D:2 |       0 |      69 |   0.0 |       0 |      21 |   0.0 |   830
           D:3 |       0 |     103 |   0.0 |       0 |      12 |   0.0 |   890
           D:4 |       0 |     183 |   0.0 |       0 |      15 |   0.0 |   249
               +---------+---------+-------+---------+---------+-------+---------
